 Dungeon Crawl Stone Soup version 0.27-a0-1591-gc56fcc985a (webtiles) character file.

Game seed: 8064543692414367973

1361 robertstho the Magician (level 8, -1/84 HPs)
             Began as a Djinni Fire Elementalist on July 19, 2021.
             Was an Initiate of Gozag.
             Slain by a centaur (4 damage)
             ... on level 7 of the Dungeon.
             The game lasted 00:10:03 (8378 turns).

robertstho the Magician (Djinni Fire Elementalist)  Turns: 8378, Time: 00:10:04

Health: -1/84      AC:  4    Str:  7    XL:     8   Next: 96%
Gold:   294        EV: 12    Int: 19    God:    Gozag SH:  0 Dex: 14

rFire    + + .     SeeInvis .   D - +2 hand axe (vamp)
rCold    x . .     Faith    .   (no shield)
rNeg     . . .     Spirit   .   a - +0 robe
rPois    ∞         Reflect  .   (no helmet)
rElec    .         Harm     .   (no cloak)
rCorr    .         Rampage  .   l - +1 pair of gloves
Will     .....                  (boots unavailable)
Stlth    ..........             (no amulet)
HPRegen  0.24/turn              (no ring)
MPRegen  0.00/turn              (no ring)

@: brilliant, berserking, flying, very quick
A: sickness immunity, fire resistance 2, cold vulnerability 1, float, innate
caster, hp casting, extra vitality 1
a: Renounce Religion, Potion Petition, Call Merchant, Bribe Branch


You were on level 7 of the Dungeon.
You worshipped Gozag.
Gozag was aware of your devotion.
You visited 2 branches of the dungeon, and saw 8 of its levels.

You collected 368 gold pieces.
You paid 74 gold pieces to Gozag.

Inventory:

Hand Weapons
 c - a +0 dagger
 t - a +0 short sword of holy wrath
 D - a +2 vampiric hand axe (weapon)
Missiles
 j - 6 atropa-tipped darts
 w - 6 boomerangs of dispersal
Armour
 a - a +0 robe (worn)
 l - a +1 pair of gloves (worn)
Jewellery
 s - a +6 ring of dexterity
 E - the ring of Toiracami {Fly rElec Will+ MP+9 Str+3 Int+6}
   (You found it on level 6 of the Dungeon)

   [ring of intelligence]

   Str:       It affects your strength (+3).
   Int:       It affects your intelligence (+6).
   rElec:     It insulates you from electricity.
   MP:        It affects your magic capacity (+9).
   Fly:       It grants you flight.
   Will:      It increases your willpower.
Wands
 h - a wand of iceblast (10)
 z - a wand of flame (18)
 C - a wand of mindburst (16)
Scrolls
 d - a scroll of blinking {unknown}
 k - 2 scrolls of vulnerability
 o - 3 scrolls of teleportation
 r - a scroll of amnesia {unknown}
 v - 2 scrolls of magic mapping {unknown}
 x - a scroll of brand weapon
 y - 2 scrolls of enchant weapon
 B - a scroll of identify
Potions
 b - a potion of degeneration {unknown}
 e - 2 potions of brilliance
 f - a potion of flight {unknown}
 g - 2 potions of berserk rage
 i - 2 potions of resistance {unknown}
 m - 3 potions of curing {unknown}
 n - a potion of mutation {unknown}
 p - a potion of ambrosia {unknown}
 q - a potion of might {unknown}
 u - 2 potions of magic {unknown}
 A - a potion of cancellation {unknown}


   Skills:
 * Level 3.3 Fighting
 + Level 2.8 Dodging
 + Level 2.7 Stealth
 * Level 7.4 Spellcasting


You couldn't memorise any spells.
You knew the following spells:

 Your Spells              Type           Power      Damage    Failure   Level
a - Foxfire               Conj/Fire      100%       2x1d9     1%          1
b - Conjure Flame         Conj/Fire      52%        6-21      1%          3
c - Inner Flame           Hex/Fire       52%        N/A       1%          3
d - Sticky Flame          Conj/Fire      52%        2d7       4%          4
e - Fireball              Conj/Fire      26%        3d12      13%         5
f - Shock                 Conj/Air       100%       1d9       1%          1
g - Static Discharge      Conj/Air       52%        N/A       1%          2
h - Ignite Poison         Fire/Tmut/Pois 52%        N/A       1%          3
Your spell library was empty.

Dungeon Overview and Level Annotations

Branches:
Dungeon (7/15)             Temple (1/1) D:6

Altars:
Ashenzari
Cheibriados
Dithmenos
Elyvilon
Fedhas
Gozag
Hepliaklqana
Kikubaaqudgha
Makhleb
Okawaru
Qazlal
Ru
Sif Muna
Trog
Uskayaw
Vehumet
Wu Jian
Xom
Zin
The Shining One


Innate Abilities, Weirdness & Mutations

You are immune to sickness and miasma.
You are immune to poison.
Your flesh is very heat resistant. (rF++)
You are vulnerable to cold. (rC-)
You float through the air rather than walking.
You learn spells naturally, not from books.
Your magical power is your life essence.
You have superior vitality. (+4 HP)


Message History

Press: ? - help, Q - select action, (/) - cycle Dir - look around, f - activate You conjure some foxfire!
Unknown command.
Your foxfire dissipates!
Your foxfire dissipates! x2
HP restored.
You now have 294 gold pieces (gained 6).
v - 2 scrolls labelled BOON TOXUDWY (gained 1)
A centaur comes into view.
The centaur shouts!
The centaur wields a +0 shortbow.
The centaur shoots an arrow.
The arrow hits you!
A centaur is nearby!
A centaur is nearby!
A centaur is nearby!
A centaur is nearby!
The centaur shoots an arrow.
The arrow hits you!
The centaur shoots an arrow.
The arrow hits you!
The centaur shoots an arrow.
The arrow hits you!
It was a potion of brilliance.
You feel clever all of a sudden.
The centaur shoots an arrow.
The arrow hits you!
* * * LOW HITPOINT WARNING * * *
The centaur shoots an arrow.
The arrow hits you but does no damage.
Okay, then.
Okay, then.
Okay, then.
It was a potion of berserk rage.
A red film seems to cover your vision as you go berserk!
You feel yourself moving faster!
You feel mighty!
The centaur shoots an arrow.
The arrow hits you!
* * * LOW HITPOINT WARNING * * *
You feel a strong urge to attack something.
The centaur unwields a +0 shortbow.
The centaur misses you.
The centaur kicks you but does no damage.
You slash the centaur!
The centaur is moderately wounded.
The centaur hits you.
You die...
Your body crumbles into a pile of gold.

...............##
..............##
..#####.......##
#.####<.[# #.#
#..#...#
###.###.####....
..#......# [..
#........## .#
##...###@c# #
##.# ##.# #.. ##
..## ..# .#


You could see a centaur.

Vanquished Creatures
  An orc warrior (D:6)
  2 sky beasts
  3 ogres
  A centaur (D:4)
  3 necrophages
  A phantom (D:6)
  A centaur zombie (D:6)
  A bullfrog zombie (D:6)
  A centaur skeleton (D:4)
  A jelly (D:4)
  2 iguanas
  An orc wizard (D:6)
  A hound zombie (D:5)
  A gnoll (D:2)
  6 adders
  3 shadow imps
  An ufetubus (D:5)
  2 worms
  10 orcs
  5 ball pythons
  7 bats
  9 endoplasms
  6 giant cockroaches
  5 goblins
  6 hobgoblins
  4 jackals (D:1)
  5 quokkas
  3 frilled lizards
  10 kobolds
  9 rats
111 creatures vanquished.

Vanquished Creatures (others)
  580 foxfires
580 creatures vanquished.

Grand Total: 691 creatures vanquished

Notes
Turn   | Place    | Note
-------+----------+-------------------------------------------
     0 | D:1      | robertstho the Djinni Fire Elementalist began the quest for
                  | the Orb.
     0 | D:1      | Reached XP level 1. HP: 15/15 MP: 0/0
   284 | D:1      | You are sucked into a shaft and drop 1 floor!
   292 | D:2      | Reached XP level 2. HP: 17/21 MP: 0/0
   654 | D:2      | Reached skill level 3 in Spellcasting
   654 | D:2      | Reached XP level 3. HP: 22/26 MP: 0/0
   654 | D:2      | Learned a level 1 spell: Shock
  1882 | D:1      | Reached skill level 1 in Fighting
  2011 | D:1      | Reached XP level 4. HP: 28/32 MP: 0/0
  2268 | D:1      | Found a faded altar of an unknown god.
  3265 | D:3      | Found an ornate altar of the Wu Jian Council.
  3864 | D:3      | Reached XP level 5. HP: 32/37 MP: 0/0
  3864 | D:3      | Learned a level 2 spell: Static Discharge
  4339 | D:3      | Noticed a sky beast
  4346 | D:3      | Killed a sky beast
  4347 | D:3      | Reached skill level 4 in Spellcasting
  4347 | D:3      | Reached XP level 6. HP: 37/43 MP: 0/0
  4921 | D:4      | Found a broken altar of Ashenzari.
  5080 | D:4      | Found a white marble altar of Elyvilon.
  5169 | D:4      | Noticed a necrophage
  5176 | D:4      | Killed a necrophage
  5177 | D:4      | Reached skill level 5 in Spellcasting
  5177 | D:4      | Reached XP level 7. HP: 42/49 MP: 0/0
  5177 | D:4      | Learned a level 3 spell: Ignite Poison
  5221 | D:4      | Found a stormy altar of Qazlal.
  5748 | D:5      | Entered Level 5 of the Dungeon
  5812 | D:5      | Found a hide-covered altar of Uskayaw.
  5940 | D:5      | Found a shimmering altar of Xom.
  5943 | D:5      | Found a glowing golden altar of the Shining One.
  6217 | D:5      | Reached skill level 6 in Spellcasting
  6280 | D:5      | Reached XP level 8. HP: 51/55 MP: 0/0
  6686 | D:6      | Found a staircase to the Ecumenical Temple.
  6691 | Temple   | Entered the Ecumenical Temple
  6927 | Temple   | Became a worshipper of Gozag Ym Sagoz the Greedy
  7316 | D:6      | Reached skill level 7 in Spellcasting
  7624 | D:6      | Identified the ring of Toiracami {Fly rElec Will+ MP+9
                  | Str+3 Int+6}
  8376 | D:7      | HP: 2/84 [centaur/arrow (12)]
  8378 | D:7      | Slain by a centaur

Illustrated notes

Levels and vault maps discovered:
D:1:      minmay_arrival_four_houses, layout_basic,
          shapermc_ecumenical_altar_mp_vishouse, minmay_ruptured
D:2:      minmay_diamond_boxcup, layout_basic
D:3:      layout_loops_corners, nzn_wu_jian_contemplation
D:4:      layout_basic, ashenzari_conservatory_becter,
          mainiacjoe_overflow_cross_hatched, amcnicky_altar_gilded
D:5:      layout_loops_ring, nicolae_uskayaw_dance_hall, minitemple
D:6:      layout_basic, minmay_temple_entry_trees
D:7:      layout_layer_cave
Temple:   oiseaux_autumnal_temple

Skill      XL: |  1  2  3  4  5  6  7  8 |
---------------+-------------------------+-----
Spellcasting   | 3 4 5 6 7 |  7.4
Fighting       | 1 2 3 |  3.3
Stealth        | 2 |  2.7
Dodging        | |  2.8

Action                   |  1- 3 |  4- 6 |  7- 9 || total
-------------------------+-------+-------+-------++-------
Melee: Dagger            |       |       |     5 ||     5
       Hand axe          |       |       |     2 ||     2
 Cast: Foxfire           |    97 |   164 |   110 ||   371
       Sticky Flame      |       |       |     9 ||     9
  Use: Scroll            |       |     2 |     2 ||     4
       Potion            |       |       |     2 ||     2
Armor: Robe              |     2 |     6 |    11 ||    19
Dodge: Dodged            |     7 |    11 |    27 ||    45

Table legend: (Time is in decaauts)
 A = Elapsed time spent in this place.
 B = Non-inter-level travel time spent in this place.
 C = Inter-level travel time spent in this place.
 D = Time resting spent in this place.
 E = Time spent auto-exploring this place.
 F = Levels seen in this place.
 G = Mean time per level.
                   A        B        C        D        E       F      G
               +--------+--------+--------+--------+--------+-----+--------+
         Total |   8376 |   8211 |    165 |      0 |   7400 |   8 | 1047.0 |
       Dungeon |   8123 |   8005 |    118 |      0 |   7194 |   7 | 1160.4 |
        Temple |    253 |    207 |     46 |      0 |    206 |   1 |  253.0 |
               +--------+--------+--------+--------+--------+-----+--------+

Top non-repeatable levels by time:
     D:1: 2087 daAuts
     D:3: 1488 daAuts
     D:6: 1406 daAuts
     D:2: 1094 daAuts
     D:4: 1077 daAuts
     D:5: 937 daAuts
  Temple: 253 daAuts
     D:7: 31 daAuts
